 Dungeon Crawl Stone Soup version 0.27.1-33-g824d729ab1 (webtiles) character file.

Game seed: 14224652966022358153

44 Gabide the Cudgeller (level 3, -1/43 HPs)
             Began as a Human Chaos Knight on Dec 10, 2021.
             Was a Plaything of Xom.
             Slain by a goblin (6 damage)
             ... led by Robin
             ... on level 3 of the Dungeon on Dec 11, 2021.
             The game lasted 00:02:12 (2441 turns).

Gabide the Cudgeller (Human Chaos Knight)           Turns: 2441, Time: 00:02:12

Health: -1/43      AC:  5    Str: 13    XL:     3   Next: 85%
Magic:  3/3        EV: 11    Int: 12    God:    Xom [..*...]
Gold:   108        SH:  0    Dex: 12    Spells: 2/2 levels left

rFire    . . .     SeeInvis .   g - +0 morningstar
rCold    . . .     Faith    .   (no shield)
rNeg     . . .     Spirit   .   b - +2 leather armour
rPois    .         Reflect  .   (no helmet)
rElec    .         Harm     .   (no cloak)
rCorr    .         Rampage  .   (no gloves)
Will     .....                  (no boots)
Stlth    ..........             (no amulet)
HPRegen  0.14/turn              (no ring)
MPRegen  0.08/turn              (no ring)

@: berserking, hasted and slowed
A: no striking features
a: Renounce Religion


You were on level 3 of the Dungeon.
You worshipped Xom.
You were a toy of Xom.
You visited 1 branch of the dungeon, and saw 3 of its levels.

You collected 108 gold pieces.

Inventory:

Hand Weapons
 a - a +0 mace of chaos
 g - a +0 morningstar (weapon)
Armour
 b - a +2 leather armour (worn)
Scrolls
 d - 4 scrolls of identify
Potions
 c - 2 potions of curing {unknown}
 e - a potion of haste {unknown}
 f - a potion of flight {unknown}


   Skills:
 + Level 3.4 Fighting
 * Level 3.9 Maces & Flails
 + Level 2.2 Armour
 + Level 1.1 Dodging


You had 2 spell levels left.
You didn't know any spells.
Your spell library contained the following spells:

 Spells                   Type           Power      Damage    Failure   Level
 Foxfire                  Conj/Fire      0%         2x1d4     38%         1
 Call Canine Familiar     Summ           0%         N/A       77%         3
 Conjure Flame            Conj/Fire      0%         6-21      77%         3
 Inner Flame              Hex/Fire       0%         N/A       77%         3
 Portal Projectile        Hex/Tloc       0%         N/A       77%         3
 Leda's Liquefaction      Hex/Erth       0%         N/A       99%         4


Dungeon Overview and Level Annotations

Branches:
Dungeon (3/15)

Altars:
Nemelex Xobeh

Annotations:
D:3 Natasha, Robin


Message History

A goblin comes into view. It is wielding a +0 club.
Robin roars a battlecry!
The goblin goes into a battle-frenzy!
The goblin closely misses you. The goblin hits you with a +0 dagger.
You closely miss Natasha. Natasha misses you.
The goblin hits you with a +0 dagger. x2; Natasha claws you.
The goblin barely misses you. The goblin hits you but does no damage.
Unknown command.
Natasha stares at you and mumbles some strange words.
You feel as though you will be slow longer.
The goblin hits you but does no damage.
You swap places. "Go forth and cause havoc, mortal!"
You feel yourself speed up. Natasha casts a spell at you.
The magic dart hits you but does no damage.
The goblin hits you with a +0 dagger.
Natasha mumbles some strange words. "Go forth and cause havoc, mortal!"
A red film seems to cover your vision as you go berserk!
You feel yourself moving faster!
You feel mighty!
You closely miss the goblin. The goblin hits you but does no damage.
You hit the goblin.
The goblin is severely wounded.
The goblin hits you with a +0 club.
* * * LOW HITPOINT WARNING * * *
The goblin barely misses your butterfly.
Natasha closely misses you.
You closely miss the goblin.
The goblin is severely wounded.
Your butterfly disappears in a puff of smoke!
The goblin hits you with a +0 club.
* * * LOW HITPOINT WARNING * * *
The goblin barely misses you. Natasha claws you.
* * * LOW HITPOINT WARNING * * *
Robin throws the goblin at you! The goblin hits you with a +0 dagger.
* * * LOW HITPOINT WARNING * * *
The goblin hits you with a +0 club.
You die...
Xom cackles wildly!

##### ≈≈
#...### 8#
###.....# g.#
#.......#8.8#..
#...§..g.ggg...
#....g.#g.g....
#..bggg#gg....#
#..5hgg########
#..bb@## #.
#####g## ...
#...bb.###...
#............
#.......##..
#.......#
#.......#
#####...# #...#


You could see Robin, Natasha (ally target), a crimson imp (summoned), 2
hobgoblins and 5 goblins.

Vanquished Creatures
  An adder skeleton (D:2)
  A worm (D:2)
  A dart slug (D:2)
  3 endoplasms
  3 goblins
  3 hobgoblins
  6 kobolds
  2 quokkas (D:1)
  3 ball pythons (D:2)
  3 bats
  5 frilled lizards
  3 rats
34 creatures vanquished.

Notes
Turn   | Place    | Note
-------+----------+-------------------------------------------
     0 | D:1      | Gabide the Human Chaos Knight began the quest for the Orb.
     0 | D:1      | Reached XP level 1. HP: 18/18 MP: 1/1
   162 | D:1      | XOM: 1-stop teleportation journey
   169 | D:1      | Reached XP level 2. HP: 16/24 MP: 2/2
  1038 | D:1      | Reached XP level 3. HP: 29/29 MP: 3/3
  1445 | D:1      | XOM: silly message
  1702 | D:2      | XOM: noise
  1745 | D:2      | XOM: divination: magic mapping
  1762 | D:2      | Found a sparkling altar of Nemelex Xobeh.
  2175 | D:2      | XOM: cloud trail
  2258 | D:2      | Found a faded altar of an unknown god.
  2301 | D:2      | XOM: cloud trail
  2414 | D:3      | XOM: 1-stop teleportation journey
  2429 | D:3      | Noticed Natasha
  2429 | D:3      | Noticed Robin
  2433 | D:3      | XOM: butterfly on damage
  2436 | D:3      | XOM: potion effect (haste)
  2438 | D:3      | XOM: potion effect (berserk rage)
  2441 | D:3      | Slain by a goblin

Illustrated notes

Levels and vault maps discovered:
D:1:      lightli_arrival_statuegarden, layout_basic,
          chequers_serial_rivers_small_3
D:2:      minmay_general_purpose_star, layout_rooms, basic_altar,
          shapermc_ecumenical_altar_ellora, chequers_serial_rivers_small_b
D:3:      layout_basic, jmf_multi_god_temple2, kennysheep_orc_sif_temple,
          uniq_jessica, uniq_natasha, uniq_robin

Action                   || total
-------------------------++-------
Melee: Mace              ||    93
       Morningstar       ||    18
  Use: Scroll            ||     1
Armor: Leather armour    ||    54
Dodge: Dodged            ||    63
